 Dungeon Crawl Stone Soup version 0.22.1-1-ga44c0e56f4 (webtiles) character file.

123024 Lindell the Warrior (level 16, -1/162 HPs)
             Began as a Minotaur Berserker on Sept 26, 2018.
             Was a High Priest of Trog.
             Hit by a javelin thrown by a merfolk javelineer (15 damage)
             ... on level 4 of the Shoals on Sept 29, 2018.
             The game lasted 02:46:21 (35274 turns).

Lindell the Warrior (Minotaur Berserker)           Turns: 35274, Time: 02:46:21

Health: -1/162     AC: 29    Str: 26    XL:     16   Next: 36%
Magic:  0/15       EV: 10    Int:  2    God:    Trog [*****.]
Gold:   896        SH:  0    Dex: 20    Spells: 15/15 levels left

rFire    + + .     SeeInvis .   a - +4 battleaxe (venom)
rCold    + . .     Gourm    .   (shield currently unavailable)
rNeg     . . .     Faith    .   Y - +1 plate armour {rC+}
rPois    .         Spirit   +   (helmet restricted)
rElec    .         Reflect  .   v - +2 cloak "Giloic" {rF++ Int-3 Dex+5}
rCorr    .         Harm     .   E - +0 pair of gloves
MR       ++...                  Z - +0 pair of boots
Stlth    ..........             I - amulet of guardian spirit
HPRegen  0.37/turn              A - ring of protection from magic
MPRegen  0.14/turn              S - +5 ring of strength

@: lethally poisoned (-1 -> -2)
A: retaliatory headbutt, horns 2, iridescent scales 1, weak 1, MP-powered wands
a: Berserk, Trog's Hand, Brothers in Arms, Renounce Religion


You were on level 4 of the Shoals.
You worshipped Trog.
Trog was extremely pleased with you.
You were near starving.

You visited 6 branches of the dungeon, and saw 28 of its levels.

You collected 2169 gold pieces.
You spent 1273 gold pieces at shops.

Inventory:

Hand Weapons
 a - a +4 battleaxe of venom (weapon)
 h - a +1 executioner's axe of draining
Missiles
 p - 4 poisoned tomahawks
 r - 4 throwing nets (quivered)
 t - 5 exploding tomahawks
Armour
 v - the +2 cloak "Giloic" (worn) {rF++ Int-3 Dex+5}
   (You acquired it on level 12 of the Dungeon)

   It affects your intelligence (-3).
   It affects your dexterity (+5).
   It greatly protects you from fire.
 E - a +0 pair of gloves (worn)
 Y - a +1 plate armour of cold resistance (worn)
 Z - a +0 pair of boots (worn)
Jewellery
 o - an uncursed ring of flight
 x - an uncursed ring of see invisible
 A - a ring of protection from magic (left hand)
 I - an amulet of guardian spirit (around neck)
 J - a +3 ring of evasion
 S - a +5 ring of strength (right hand)
Wands
 b - a wand of polymorph (23)
 w - a wand of scattershot (4)
 y - a wand of flame (55)
 F - a wand of enslavement (16)
 G - a wand of iceblast (8)
 L - a wand of paralysis (13)
 O - a wand of disintegration (12)
 R - a wand of random effects (23)
Scrolls
 e - a scroll of immolation
 g - 16 scrolls of remove curse
 j - 2 scrolls of acquirement
 l - 9 scrolls of teleportation
 s - a scroll of magic mapping
 u - 3 scrolls of enchant armour
 D - 5 scrolls of fog
 K - 2 scrolls of blinking
 Q - a scroll of enchant weapon
 T - 5 scrolls of fear
 U - 8 scrolls of identify
 V - a scroll of silence {unknown}
Potions
 f - 4 potions of resistance
 k - 4 potions of brilliance
 m - 3 potions of lignification
 n - 2 potions of cancellation
 q - 2 potions of magic
 z - 2 potions of curing
 B - a potion of invisibility
 N - 5 potions of flight
 P - 4 potions of haste
 X - 2 potions of might
Miscellaneous
 M - a lightning rod (4/4)
Comestibles
 c - 39 rations


   Skills:
 + Level 20.0 Fighting
 - Level 18.0 Axes
 + Level 19.8 Armour
 - Level 3.3 Dodging


You had 15 spell levels left.
You didn't know any spells.
Your spell library contained the following spells:

 Spells                   Type           Power        Failure   Level  Hunger
 Flame Tongue             Conj/Fire      #....        97%         1    ##.....
 Throw Flame              Conj/Fire      #.....       99%         2    ###....
 Conjure Flame            Conj/Fire      #.......     100%        3    ####...
 Inner Flame              Hex/Fire       #.......     100%        3    ####...
 Recall                   Summ/Tloc      N/A          100%        3    ####...
 Animate Dead             Necr           N/A          100%        4    #####..
 Sticky Flame             Conj/Fire      #.......     100%        4    #####..
 Borgnjor's Vile Clutch   Necr/Erth      #.........   100%        5    ######.
 Fireball                 Conj/Fire      #.........   100%        5    ######.
 Death Channel            Necr           #.........   100%        6    #######
 Simulacrum               Ice/Necr       #.........   100%        6    #######


Dungeon Overview and Level Annotations

Branches:
Dungeon (14/15)            Temple (1/1) D:6            Lair (6/6) D:9
 Shoals (4/4) Lair:4       Spider (1/4) Lair:4        Slime (0/5) Lair:6
    Orc (2/2) D:10         Vaults (0/5) D:14
    Elf: Orc:2

Altars:
Ashenzari
Cheibriados
Dithmenos
Elyvilon
Fedhas
Gozag
Hepliaklqana
Kikubaaqudgha
Makhleb
Nemelex Xobeh
Okawaru
Qazlal
Ru
Sif Muna
Trog
Uskayaw
Vehumet
Wu Jian
Xom
Yredelemnul
Zin
The Shining One

Shops:
D:4 }   D:13 [   Orc:1 =   Shoals:3 *

Annotations:
D:7 exclusion: downstairs
Lair:1 3 runed doors, bonsai's ghost, journeyman DsAK
Shoals:1 3 runed doors, Anaphory's ghost, journeyman MiBe; Peloso's ghost, adept MiFi


Innate Abilities, Weirdness & Mutations

You reflexively headbutt those who attack you in melee.
You have a pair of horns on your head.
You are partially covered in iridescent scales. (AC +2)
You are weak. (Str -2)
You expend magic power (3 MP) to strengthen your wands.


Message History

You enter the shallow water.
Moving in this stuff is going to be slow.
You hear a shout!
The merfolk javelineer throws a javelin.
The javelin hits you but does no damage.
You hear a splash.
You hear a distant blaring wail to the west.
You see here a javelin.
Your ogre hits the merfolk javelineer with a giant club!!!
The merfolk javelineer throws a javelin.
The javelin hits you but does no damage.
You see here a javelin.
Your ogre closely misses the merfolk javelineer.
The merfolk javelineer hits you but does no damage.
You are poisoned.
You feel sick.
Your ogre hits the merfolk javelineer with a giant club!
The merfolk javelineer throws a javelin.
The javelin hits you!
You die...

...≈ ....≈. ....≈ ......
....≈ ...≈.. ###### #....
..≈≈≈.# ##....#####..#
..≈≈≈..##....((((([.#
.≈≈≈≈..$..)((((...(.#
.≈≈≈≈≈†...m)≈≈<)..(.#
.≈≈≈≈≈.(.O@≈≈(≈≈....#
...≈≈≈≈((#.$(≈≈≈≈..≈##
...≈≈≈≈((#(.≈≈≈≈≈..≈.####
...≈≈P..≈(.≈≈...≈≈≈≈...≈≈≈
..≈≈≈..≈≈≈≈≈.[≈≈≈≈≈≈≈≈?≈≈≈
...≈≈P≈≈≈≈P≈≈≈≈≈≈≈≈≈≈≈≈≈≈≈
≈.≈≈≈≈≈≈≈≈≈≈≈≈≈≈≈≈≈≈≈≈≈≈≈≈
P≈≈PP.≈≈≈≈P≈≈≈≈≈≈≈≈≈≈≈≈≈≈≈
≈PP≈PP≈≈≈≈≈≈≈≈≈≈≈≈≈≈≈≈≈≈≈≈


You could see a merfolk javelineer and a friendly ogre (berserk).

Vanquished Creatures
  Kirke (D:13)
  An entropy weaver (Lair:4)
  Nessos (Lair:6)
  A merfolk javelineer (Shoals:3)
  5 merfolk impalers
  4 hydras
  2 vault guards (D:14)
  Erolcha (D:12)
  4 centaur warriors
  2 death knights
  An alligator snapping turtle (Shoals:4)
  2 merfolk avatars
  Erica (D:11)
  3 merfolk aquamancers
  A satyr (Shoals:3)
  5 two-headed ogres
  2 death yaks (Lair:4)
  2 orc high priests (Orc:1)
  2 tengu warriors (D:14)
  2 skeletal warriors
  11 sea snakes
  2 wizards (D:14)
  2 unseen horrors
  2 phantasmal warriors (D:13)
  Pikel (D:5)
  A lindwurm (Lair:6)
  A mana viper (shapeshifter) (D:13)
  A wolf spider zombie (D:13)
  11 harpies
  16 fauns
  A deep elf mage (D:12)
  2 orc sorcerers (Orc:1)
  6 manticores
  6 cyclopes
  4 ugly things (D:14)
  12 merfolk sirens
  10 elephants
  7 black mambas
  A torpor snail (Lair:4)
  A water nymph (Shoals:4)
  4 gargoyles
  11 spiny frogs
  11 komodo dragons
  3 rime drakes
  2 freezing wraiths
  A redback zombie (D:11)
  3 meliai (Lair:4)
  10 polar bears
  8 wind drakes
  5 trolls
  A wind drake (shapeshifter) (D:14)
  2 jumping spiders
  21 merfolk
  A harpy skeleton (D:12)
  5 hornets
  12 blink frogs
  14 hippogriffs
  2 snapping turtles (Shoals:1)
  11 dream sheep
  4 tarantellas
  3 vampires
  9 water elementals
  A wraith (D:12)
  2 redbacks (Lair:4)
  A spriggan (D:9)
  4 wyverns
  3 hogs (D:13)
  13 yaks
  A hungry ghost (Shoals:1)
  2 basilisks
  20 humans (D:14)
  7 vampire mosquitoes
  3 wargs (Orc:1)
  Menkaure (D:4)
  Edmund (D:5)
  An acid dragon (D:12)
  5 porcupines
  7 water moccasins
  20 orc warriors
  2 sky beasts
  5 ice beasts
  An eye of draining (D:11)
  A black bear (D:13)
  2 wolves (D:9)
  A necrophage (D:10)
  7 ogres
  3 phantoms
  19 centaurs
  14 crocodiles
  2 big kobolds
  15 bullfrogs
  A gnoll sergeant (D:6)
  A wyvern zombie (D:9)
  A wyvern skeleton (D:10)
  3 scorpions
  25 killer bees
  4 wights (D:9)
  10 howler monkeys
  4 crimson imps
  5 centaur zombies
  2 bullfrog zombies
  3 quasits
  2 jellies
  A centaur skeleton (D:6)
  6 bullfrog skeletons
  14 orc priests
  6 hounds
  2 iguanas
  Jessica (D:2)
  Terence (D:2)
  19 orc wizards
  6 hell rats (Lair:4)
  9 worker ants
  A killer bee zombie (D:10)
  2 hound zombies
  A hound skeleton (D:5)
  A worker ant zombie (D:10)
  Robin (D:3)
  10 gnolls
  13 adders
  3 shadow imps
  An adder zombie (D:7)
  2 adder skeletons
  A worm (D:5)
  2 dart slugs (D:1)
  5 leopard geckos
  61 orcs
  5 ball pythons
  7 bats
  3 giant cockroaches
  2 gnoll zombies (D:6)
  32 goblins
  9 hobgoblins
  3 jackals
  18 kobolds
  6 quokkas
  6 frilled lizards
  A leopard gecko skeleton (D:8)
  15 rats
  7 plants
792 creatures vanquished.

Vanquished Creatures (collateral kills)
  A ghost moth (Lair:4)
  Snorg (D:11)
  2 merfolk avatars
  A skeletal warrior (D:12)
  An ugly thing (D:11)
  A freezing wraith (D:12)
  A komodo dragon (Lair:6)
  A merfolk (Shoals:3)
  A queen bee (Lair:4)
  A jumping spider (Lair:4)
  A snapping turtle (Shoals:3)
  Grum (D:9)
  A sky beast (D:11)
  A wolf (D:9)
  2 killer bees (Lair:4)
  A wight (D:9)
  A crimson imp (D:11)
  4 gnolls (D:4)
  An adder (D:4)
  A giant cockroach (D:4)
25 creatures vanquished.

Vanquished Creatures (others)
  A merfolk (Shoals:2)
  2 humans (D:13)
  5 bushes (Lair:6)
  18 fungi
  32 plants
  14 tentacles (Shoals:1)
  6 withered plants (Shoals:1)
78 creatures vanquished.

Grand Total: 895 creatures vanquished

Notes
Turn   | Place    | Note
-------+----------+-------------------------------------------
     0 | D:1      | Lindell the Minotaur Berserker began the quest for the Orb.
     0 | D:1      | Reached XP level 1. HP: 19/19 MP: 0/0
   243 | D:1      | Reached XP level 2. HP: 27/27 MP: 1/1
   584 | D:1      | Reached skill level 4 in Fighting
   689 | D:1      | Reached XP level 3. HP: 33/33 MP: 2/2
   710 | D:1      | Reached ** piety under Trog
   895 | D:2      | Noticed Terence
  1067 | D:2      | Killed Terence
  1067 | D:2      | Reached XP level 4. HP: 39/41 MP: 3/3
  1259 | D:2      | Noticed Jessica
  1265 | D:2      | Killed Jessica
  1316 | D:2      | Found a deep blue altar of Sif Muna.
  1361 | D:2      | Reached XP level 5. HP: 45/47 MP: 4/4
  1414 | D:2      | You fall through a shaft!
  1596 | D:1      | Gained mutation: You expend magic power (3 MP) to
                  | strengthen your wands. [potion of mutation]
  1596 | D:1      | Gained mutation: You are partially covered in iridescent
                  | scales. (AC +2) [potion of mutation]
  1678 | D:2      | Reached *** piety under Trog
  2095 | D:3      | Reached skill level 5 in Fighting
  2204 | D:3      | Noticed Robin
  2232 | D:3      | Killed Robin
  2232 | D:3      | Reached skill level 5 in Axes
  2296 | D:3      | You fall through a shaft for 3 floors!
  2485 | D:6      | Reached XP level 6. HP: 51/56 MP: 5/5
  2516 | D:6      | Reached **** piety under Trog
  2615 | D:6      | Reached skill level 5 in Armour
  2748 | D:5      | Entered Level 5 of the Dungeon
  2776 | D:4      | Reached skill level 6 in Fighting
  2989 | D:4      | Found Letifur's Gadget Emporium.
  2994 | D:4      | Reached XP level 7. HP: 63/63 MP: 6/6
  3045 | D:4      | Bought a wand of polymorph (13) for 165 gold pieces
  3395 | D:4      | Found a shimmering altar of Xom.
  3396 | D:4      | Noticed Menkaure
  3420 | D:4      | Killed Menkaure
  4019 | D:5      | Reached skill level 7 in Fighting
  4092 | D:5      | Noticed Pikel
  4117 | D:5      | Killed Pikel
  4117 | D:5      | Reached XP level 8. HP: 74/74 MP: 7/7
  4119 | D:5      | Reached skill level 8 in Fighting
  4218 | D:5      | Noticed a moth of wrath
  4219 | D:5      | Noticed Edmund
  4244 | D:5      | Killed Edmund
  4280 | D:5      | Found a bloodstained altar of Trog.
  4723 | D:6      | Reached XP level 9. HP: 72/82 MP: 8/8
  5077 | D:6      | Found a glowing silver altar of Zin.
  5149 | D:6      | Found a basalt altar of Yredelemnul.
  5288 | D:6      | Found a staircase to the Ecumenical Temple.
  5300 | Temple   | Entered the Ecumenical Temple
  5551 | D:6      | Reached skill level 9 in Fighting
  6300 | D:8      | Reached ***** piety under Trog
  6300 | D:8      | Reached skill level 10 in Fighting
  6304 | D:8      | Reached skill level 10 in Axes
  6691 | D:8      | Reached skill level 10 in Armour
  6934 | D:8      | Found a burning altar of Makhleb.
  6934 | D:8      | Found a sacrificial altar of Ru.
  6997 | D:8      | Found a hide-covered altar of Uskayaw.
  7146 | D:8      | Reached XP level 10. HP: 83/94 MP: 9/9
  7322 | D:9      | Found a staircase to the Lair.
  7322 | D:9      | Noticed an elephant
  7593 | D:9      | Found a shadowy altar of Dithmenos.
  7782 | D:9      | Noticed Grum
  7799 | D:9      | Killed Grum
  7894 | D:9      | Killed an elephant
  7894 | D:9      | Reached skill level 11 in Fighting
  8859 | D:9      | Noticed a two-headed ogre
  8870 | D:9      | Killed a two-headed ogre
  9271 | D:10     | Entered Level 10 of the Dungeon
  9603 | D:10     | Reached XP level 11. HP: 92/104 MP: 10/10
  9672 | D:10     | Reached skill level 12 in Fighting
  9722 | D:10     | Found a staircase to the Orcish Mines.
  9934 | D:10     | Killed an unseen horror
 10094 | D:10     | Noticed a two-headed ogre
 10094 | D:10     | Noticed a centaur warrior
 10107 | D:10     | Killed a two-headed ogre
 10113 | D:10     | Killed a centaur warrior
 11320 | D:11     | Noticed Erica
 11330 | D:11     | Killed Erica
 11746 | D:11     | Noticed a red ugly thing
 11751 | D:11     | Killed a red ugly thing
 11890 | D:11     | Reached skill level 13 in Fighting
 12042 | D:11     | Noticed Snorg
 12092 | D:11     | Reached XP level 12. HP: 114/115 MP: 11/11
 12299 | D:11     | Killed Snorg
 12707 | D:12     | Noticed a death knight
 12826 | Lair:1   | Entered Level 1 of the Lair of Beasts
 13834 | Lair:1   | Noticed a minotaur
 13839 | Lair:1   | Noticed bonsai's ghost (journeyman DsAK)
 13854 | Lair:1   | Found a runed gate.
 13854 | Lair:1   | Found a runed gate.
 13854 | Lair:1   | Found a runed gate.
 14144 | Lair:2   | Found an iron altar of Okawaru.
 14364 | Lair:2   | Noticed a six-headed hydra
 14379 | Lair:2   | Killed a 12-headed hydra
 14379 | Lair:2   | Reached skill level 14 in Fighting
 15852 | Lair:3   | You fall through a shaft for 3 floors!
 15852 | Lair:6   | Entered Level 6 of the Lair of Beasts
 16785 | Lair:4   | Reached skill level 15 in Fighting
 17584 | Lair:4   | Noticed a death yak
 17587 | Lair:4   | Noticed a death yak
 17588 | Lair:4   | Reached XP level 13. HP: 124/126 MP: 12/12
 17600 | Lair:4   | Reached skill level 15 in Armour
 17808 | Lair:4   | Found a hole to the Spider Nest.
 17887 | Lair:4   | Found a staircase to the Shoals.
 18477 | Lair:5   | Received a gift from Trog
 18566 | Lair:4   | Identified 2 scrolls of acquirement
 19836 | D:12     | Reached skill level 15 in Axes
 20178 | D:12     | Noticed Erolcha
 20196 | D:12     | Killed Erolcha
 20522 | D:12     | Got a shimmering cloak
 20534 | D:12     | Identified the +2 cloak "Giloic" {rF++ Int-3 Dex+5} (You
                  | acquired it on level 12 of the Dungeon)
 20629 | D:12     | Reached skill level 16 in Fighting
 21107 | D:13     | Noticed Kirke
 21132 | D:13     | Killed Kirke
 21531 | D:13     | Reached XP level 14. HP: 87/138 MP: 13/13
 21934 | D:13     | Found Isoa's Antique Armour Emporium.
 21949 | D:13     | Bought a shiny plate armour for 598 gold pieces
 22316 | D:14     | Found a gate to the Vaults.
 22475 | D:14     | Reached skill level 17 in Fighting
 22531 | D:14     | Received a gift from Trog
 23316 | Shoals:1 | Entered Level 1 of the Shoals
 23990 | Lair:6   | Noticed Nessos
 24482 | Lair:6   | Killed Nessos
 25546 | Lair:6   | Found a staircase to the Slime Pits.
 25679 | Lair:6   | Reached XP level 15. HP: 104/149 MP: 14/14
 26078 | Lair:6   | Received a gift from Trog
 26624 | Lair:6   | Reached skill level 18 in Fighting
 27081 | Orc:1    | Entered Level 1 of the Orcish Mines
 27654 | Orc:1    | Found a flagged portal.
 27737 | Orc:1    | Found Moubb's Jewellery Boutique.
 27845 | Orc:1    | Gained mutation: You are weak. (Str -2) [a neqoxec]
 27853 | Orc:1    | Bought an uncursed amulet of guardian spirit for 390 gold
                  | pieces
 28091 | Orc:2    | Entered Level 2 of the Orcish Mines
 28099 | Orc:2    | Noticed an orc warlord
 28270 | Spider:1 | Entered Level 1 of the Spider Nest
 28467 | Lair:4   | Killed a ghost moth
 28947 | Shoals:1 | Found a runed gate.
 28958 | Shoals:1 | Noticed Anaphory's ghost (journeyman MiBe)
 28962 | Shoals:1 | Noticed Peloso's ghost (adept MiFi)
 28966 | Shoals:1 | Found a runed gate.
 28977 | Shoals:1 | Found a runed gate.
 29873 | Shoals:1 | Noticed a kraken
 30319 | Shoals:1 | Received a gift from Trog
 31510 | Shoals:2 | Reached skill level 19 in Fighting
 32029 | Shoals:2 | Received a gift from Trog
 32164 | Shoals:3 | Found Zioplutz's General Store.
 32382 | Shoals:3 | Bought a ration for 75 gold pieces
 32382 | Shoals:3 | Bought a scroll of remove curse for 45 gold pieces
 32676 | Shoals:3 | Reached XP level 16. HP: 121/160 MP: 10/15
 34183 | Shoals:4 | Entered Level 4 of the Shoals
 35255 | Shoals:4 | Reached skill level 20 in Fighting
 35274 | Shoals:4 | Hit by a javelin thrown by a merfolk javelineer

Skill      XL: |  1  2  3  4  5  6  7  8  9 10 11 12 13 14 15 16 |
---------------+-------------------------------------------------+-----
Fighting       | 4 5 6 7 8 10 11 13 15 16 17 19 20 | 20.0
Axes           | 4 5 6 7 8 10 12 14 15 17 18 | 18.0
Armour         | 3 4 5 7 8 10 11 12 14 16 17 19 | 19.8
Dodging        | 3 |  3.3

Action                   |  1- 3 |  4- 6 |  7- 9 | 10-12 | 13-15 | 16-18 || total
-------------------------+-------+-------+-------+-------+-------+-------++-------
Melee: Hand axe          |    88 |   159 |   303 |   670 |   471 |       ||  1691
       Headbutt          |     6 |    25 |    71 |   241 |   367 |    51 ||   761
       Broad axe         |       |       |       |   109 |    42 |       ||   151
       Executioner's axe |       |       |       |       |   253 |       ||   253
       Unarmed           |       |       |       |       |     1 |       ||     1
       Battleaxe         |       |       |       |       |   366 |   157 ||   523
Throw: Stone             |       |     7 |       |       |       |       ||     7
Invok: Berserk           |       |     3 |     4 |    10 |     3 |       ||    20
       Trog's Hand       |       |     1 |     1 |     3 |     3 |       ||     8
       Brothers in Arms  |       |       |     1 |     7 |     6 |     2 ||    16
Evoke: Wand              |       |       |       |       |     8 |       ||     8
       Lightning rod     |       |       |       |       |     1 |       ||     1
  Use: Scroll            |       |     7 |     4 |     6 |    19 |       ||    36
       Potion            |       |     1 |     1 |     1 |    13 |     5 ||    21
 Stab: Distracted        |       |       |       |     1 |       |       ||     1
  Eat: Chunk             |       |    10 |    17 |    27 |    34 |     8 ||    96
       Ration            |       |       |       |     5 |     7 |       ||    12
Armor: Animal skin       |     4 |       |       |       |       |       ||     4
       Scale mail        |    18 |    55 |    82 |    56 |       |       ||   211
       Plate armour      |       |       |       |   263 |   850 |   167 ||  1280
Dodge: Dodged            |    42 |    58 |   146 |   302 |   526 |    94 ||  1168
